 Dungeon Crawl Stone Soup version 0.26-a0-597-gb535b0901c (webtiles) character file.

Game seed: 2258214579652021764

2516 HoaS the Cruncher (level 9, 0/64 HPs)
             Began as a Formicid Fighter on Aug 26, 2020.
             Was a Follower of Makhleb.
             Succumbed to a killer bee's poison
             ... on level 6 of the Dungeon.
             The game lasted 00:13:10 (6933 turns).

HoaS the Cruncher (Formicid Fighter)                Turns: 6933, Time: 00:13:11

Health: 0/64       AC: 12    Str: 23    XL:     9   Next: 83%
Magic:  9/9        EV:  6    Int:  8    God:    Makhleb [*.....]
Gold:   221        SH: 12    Dex: 11    Spells: 8/8 levels left

rFire    . . .     SeeInvis +   a - +1 quarterstaff
rCold    . . .     Faith    .   c - +1 kite shield
rNeg     . . .     Spirit   .   w - +0 plate armour
rPois    .         Reflect  .   (helmet unavailable)
rElec    .         Harm     .   g - scarf {+Inv}
rCorr    .                      (no gloves)
MR       .....                  m - +0 pair of boots
Stlth    ..........             (no amulet)
HPRegen  0.20/turn              (no ring)
MPRegen  0.11/turn              (no ring)

@: lethally poisoned (0 -> -9)
A: permanent stasis, dig shafts and tunnels, four strong arms, antennae 3
a: Dig, Shaft Self, Renounce Religion, Evoke Invisibility


You were on level 6 of the Dungeon.
You worshipped Makhleb.
Makhleb was aware of your devotion.
You visited 2 branches of the dungeon, and saw 8 of its levels.

You collected 221 gold pieces.

Inventory:

Hand Weapons
 a - a +1 quarterstaff (weapon)
Armour
 c - a +1 kite shield (worn)
 g - a scarf of invisibility (worn)
 m - a +0 pair of boots (worn)
 w - a +0 plate armour (worn)
Jewellery
 o - an uncursed ring of ice
Wands
 q - a wand of disintegration (9)
 s - a wand of paralysis (11)
Scrolls
 e - 3 scrolls of enchant armour
 i - 3 scrolls of identify
 p - 2 scrolls of remove curse
 r - 2 scrolls of magic mapping
 t - a scroll of fear
Potions
 b - 2 potions of brilliance {unknown}
 d - a potion of might
 f - 2 potions of ambrosia
 h - a potion of heal wounds
 j - 2 potions of lignification
 k - a potion of berserk rage {unknown}
 l - a potion of cancellation {unknown}
 n - a potion of stabbing {unknown}
 v - a potion of magic {unknown}


   Skills:
 - Level 3.2 Fighting
 * Level 10.7 Staves
 - Level 3.2 Armour
 - Level 9.0 Shields


You had 8 spell levels left.
You didn't know any spells.
Your spell library contained the following spells:

 Spells                   Type           Power        Failure   Level
 Animate Skeleton         Necr           #.....       100%        1
 Apportation              Tloc           #.....       100%        1
 Corona                   Hex            #......      100%        1
 Summon Small Mammal      Summ           #...         100%        1


Dungeon Overview and Level Annotations

Branches:
Dungeon (7/15)             Temple (1/1) D:6

Altars:
Ashenzari
Cheibriados
Dithmenos
Elyvilon
Fedhas
Gozag
Hepliaklqana
Kikubaaqudgha
Makhleb
Nemelex Xobeh
Okawaru
Qazlal
Ru
Sif Muna
Trog
Uskayaw
Vehumet
Wu Jian
Xom
Yredelemnul
Zin
The Shining One

Annotations:
D:6 exclusion: oklob plant


Innate Abilities, Weirdness & Mutations

You cannot be hasted, slowed, berserked, paralysed or teleported.
You can dig through walls and to a lower floor.
Your four strong arms can wield two-handed weapons with a shield.
You have a pair of large antennae on your head. (SInv)


Message History

You kill the killer bee!
Makhleb accepts your kill.
* * * LOW HITPOINT WARNING * * *
You feel sick.
The killer bee stings you but does no damage.
You miss the killer bee.
* * * LOW HITPOINT WARNING * * *
You feel sick. The killer bee stings you.
* * * LOW HITPOINT WARNING * * *
You miss the killer bee.
* * * LOW HITPOINT WARNING * * *
You feel sick. The killer bee stings you.
* * * LOW HITPOINT WARNING * * *
The killer bee stings you but does no damage.
You hit the killer bee but do no damage.
* * * LOW HITPOINT WARNING * * *
You feel sick. You block the killer bee's attack.
You sock the killer bee!
The killer bee is heavily wounded.
You die...

#.............##.#<.....#
..........(...##.#.#.##.#
..............##.#.#..#.#
..............##.#.#.##.#
....#..#########.#.#.##.#
...............[>#.#..#.#
....#.#######.##[#.#..#.#
....#(# #.##y#.##.#.#
###.#.# #.##@#....#.#
###.#(#######.##.######.#
.....(.#.[[[............#
..#.#(.#)####.####.######
..#.#....# #.....#.#
..#.#.#..# #..##.#.#
###.#.#..###..##.#.######
#.#.#..#.......#..(...#
#.#.#..#.#............#


You could see a killer bee.

Vanquished Creatures
  A hippogriff (D:6)
  Sigmund (D:2)
  Eustachio (D:4)
  Duvessa (D:4)
  An ice beast (D:7)
  An orc warrior (D:5)
  An ogre (D:3)
  2 centaurs
  Blork the orc (D:6)
  Dowan (D:4)
  4 killer bees (D:6)
  5 wights (D:6)
  3 hounds
  A bullfrog skeleton (D:3)
  3 orc priests
  5 jellies (D:6)
  2 orc wizards
  Jessica (D:2)
  Ijyb (D:5)
  4 worker ants
  Natasha (thrice) (D:4)
  A hound skeleton (D:6)
  Robin (D:2)
  3 gnolls (D:4)
  7 adders
  A shadow imp (D:7)
  2 ufetubi
  14 oozes
  An adder zombie (D:6)
  5 dart slugs
  2 leopard geckos
  19 orcs
  6 giant cockroaches
  18 goblins
  18 hobgoblins
  3 jackals (D:5)
  5 kobolds
  A quokka (D:2)
  9 bats
  5 frilled lizards
  A leopard gecko zombie (D:3)
  13 rats
178 creatures vanquished.

Vanquished Creatures (others)
  10 fungi (D:6)
10 creatures vanquished.

Grand Total: 188 creatures vanquished

Notes
Turn   | Place    | Note
-------+----------+-------------------------------------------
     0 | D:1      | HoaS the Formicid Fighter began the quest for the Orb.
     0 | D:1      | Reached XP level 1. HP: 18/18 MP: 1/1
   150 | D:1      | Reached XP level 2. HP: 24/24 MP: 2/2
   304 | D:1      | Reached skill level 3 in Staves
   304 | D:1      | Reached XP level 3. HP: 26/29 MP: 3/3
   813 | D:1      | Reached XP level 4. HP: 30/35 MP: 4/4
  1142 | D:2      | Noticed Jessica
  1146 | D:2      | Killed Jessica
  1146 | D:2      | Reached skill level 4 in Staves
  1146 | D:2      | Reached XP level 5. HP: 31/41 MP: 5/5
  1198 | D:2      | Found a white marble altar of Elyvilon.
  1223 | D:2      | Noticed Robin
  1234 | D:2      | Killed Robin
  1517 | D:2      | Noticed Sigmund
  1530 | D:2      | Killed Sigmund
  1530 | D:2      | Reached skill level 5 in Staves
  1530 | D:2      | Reached skill level 5 in Shields
  1530 | D:2      | Reached XP level 6. HP: 34/47 MP: 6/6
  1998 | D:3      | Reached XP level 7. HP: 52/52 MP: 7/7
  2984 | D:4      | Noticed Natasha
  2996 | D:4      | Killed Natasha
  2996 | D:4      | Reached skill level 6 in Staves
  2996 | D:4      | Noticed Natasha
  3011 | D:4      | Killed Natasha
  3037 | D:4      | Noticed Natasha
  3180 | D:4      | Killed Natasha
  3208 | D:4      | Noticed Eustachio
  3278 | D:4      | Killed Eustachio
  3278 | D:4      | Reached skill level 7 in Staves
  3278 | D:4      | Reached XP level 8. HP: 22/58 MP: 8/8
  3374 | D:4      | Noticed Dowan
  3587 | D:4      | Noticed Duvessa
  3618 | D:4      | Killed Duvessa
  3632 | D:4      | Killed Dowan
  4021 | D:5      | Entered Level 5 of the Dungeon
  4071 | D:5      | Noticed Ijyb
  4078 | D:5      | Killed Ijyb
  4669 | D:5      | Reached skill level 8 in Staves
  4903 | D:6      | HP: 2/58 [wight/+5 trident (10)]
  4918 | D:6      | Reached XP level 9. HP: 5/64 MP: 9/9
  5359 | D:6      | Reached skill level 9 in Staves
  5417 | D:6      | Found a glowing silver altar of Zin.
  5429 | D:6      | Found a staircase to the Ecumenical Temple.
  5440 | D:6      | Noticed a hippogriff
  5451 | D:6      | Killed a hippogriff
  5457 | Temple   | Entered the Ecumenical Temple
  5711 | Temple   | Became a worshipper of Makhleb the Destroyer
  6077 | D:6      | Found a shimmering altar of Xom.
  6085 | D:6      | Noticed Blork the orc
  6094 | D:6      | Killed Blork the orc
  6232 | D:6      | Noticed an oklob plant
  6419 | D:6      | Reached skill level 10 in Staves
  6675 | D:7      | Reached * piety under Makhleb
  6931 | D:6      | HP: 2/64 [killer bee (4)]
  6933 | D:6      | Succumbed to a killer bee's poison

Illustrated notes

Levels and vault maps discovered:
D:1:      dpeg_arrival_prison, layout_basic, minmay_pentomino_z2
D:2:      layout_basic, elyvilon_altar_5, uniq_sigmund, uniq_robin, uniq_jessica
D:3:      layout_basic, st_stairs_6
D:4:      layout_cave_pools, lemuel_statue_altar, uniq_natasha, uniq_duvessa,
          uniq_eustachio
D:5:      layout_basic, uniq_ijyb
D:6:      lemuel_slime, layout_basic, lemuel_crystal_altar,
          minmay_temple_entry_arrows, brannock_xom_greatest_gift,
          uniq_blork_the_orc
D:7:      layout_cave_pools, serial_shops, shop
Temple:   nicolae_temple_the_god_donut

Skill      XL: |  1  2  3  4  5  6  7  8  9 |
---------------+----------------------------+-----
Shields        | 4 5 6 8 9 |  9.0
Staves         | 3 4 5 7 8 10 | 10.7
Fighting       | |  3.2
Armour         | |  3.2

Action                   |  1- 3 |  4- 6 |  7- 9 || total
-------------------------+-------+-------+-------++-------
Melee: Quarterstaff      |    95 |   150 |   441 ||   686
 Abil: Dig               |       |       |     2 ||     2
Evoke: Wand              |       |       |     1 ||     1
  Use: Scroll            |     4 |     3 |     5 ||    12
       Potion            |       |     1 |       ||     1
Armor: Scale mail        |    35 |    34 |    49 ||   118
       Chain mail        |       |       |    66 ||    66
       Plate armour      |       |       |    56 ||    56
Dodge: Dodged            |    26 |    29 |   117 ||   172
Block: Kite shield       |    42 |    69 |   298 ||   409

Table legend: (Time is in decaauts)
 A = Elapsed time spent in this place.
 B = Non-inter-level travel time spent in this place.
 C = Inter-level travel time spent in this place.
 D = Time resting spent in this place.
 E = Time spent auto-exploring this place.
 F = Levels seen in this place.
 G = Mean time per level.
                   A        B        C        D        E       F      G
               +--------+--------+--------+--------+--------+-----+--------+
         Total |   6941 |   6805 |    136 |   1764 |   3530 |   8 |  867.6 |
       Dungeon |   6675 |   6560 |    115 |   1764 |   3298 |   7 |  953.6 |
        Temple |    265 |    244 |     21 |      0 |    232 |   1 |  265.0 |
               +--------+--------+--------+--------+--------+-----+--------+

Top non-repeatable levels by time:
     D:3: 1415 daAuts
     D:5: 1306 daAuts
     D:6: 1215 daAuts
     D:2: 993 daAuts
     D:1: 934 daAuts
     D:4: 724 daAuts
  Temple: 265 daAuts
     D:7: 85 daAuts
